 Dungeon Crawl Stone Soup version 0.21.1-1-g345015f (webtiles) character file.

1569 suicidejoker the Sneak (level 8, -1/47 HPs)
             Began as an Octopode Transmuter on Mar 29, 2018.
             Slain by an orc
             ... wielding a +0 club
              (3 damage)
             ... on level 6 of the Dungeon.
             The game lasted 00:14:07 (6145 turns).

suicidejoker the Sneak (Octopode Transmuter)        Turns: 6145, Time: 00:14:09

Health: -1/47      AC:  4    Str:  8 (9)  XL:     8   Next: 90%
Magic:  13/13      EV: 15    Int: 16      God:
Gold:   162        SH:  0    Dex: 14      Spells: 13/14 levels left

rFire    . . .     SeeInvis .   a - +7 whip of Cecuduedd {freeze, rPois rC+ Stlth+}
rCold    + + .     Gourm    .   (no shield)
rNeg     . . .     Faith    .   (helmet restricted)
rPois    +         Spirit   .   (no amulet)
rElec    .         Reflect  .   e - +3 ring of protection
rCorr    .         Harm     .   (no ring)
MR       .....     Clarity  +   (no ring)
Stlth    +++++.....             (no ring)
HPRegen  0.15/turn              (no ring)
MPRegen  0.13/turn              (no ring)
                                (no ring)
                                (no ring)

@: no status effects
A: almost no armour, stealthy swim, amphibious, 8 rings, constrict 8, camouflage
1, clarity, cold resistance 1, deterioration 1, frail 1, gelatinous body 1
a: no special abilities


You were on level 6 of the Dungeon.
You were very hungry.

You visited 1 branch of the dungeon, and saw 6 of its levels.

You collected 454 gold pieces.
You spent 292 gold pieces at shops.

Inventory:

Hand Weapons
 a - the +7 whip of Cecuduedd (weapon) {freeze, rPois rC+ Stlth+}
   (You found it on level 5 of the Dungeon)

   It has been specially enchanted to freeze those struck by it, causing extra
   injury to most foes and up to half again as much damage against particularly
   susceptible opponents.
   It can also slow down cold-blooded creatures.
   It protects you from cold.
   It protects you from poison.
   It makes you more stealthy.
 b - a +5 hunting sling of flaming
 g - a cursed -3 hand crossbow
 k - a +1 dagger
 F - a +0 short sword of flaming
 G - a +1 rapier of speed
Missiles
 d - a throwing net
 f - 3 steel tomahawks
 h - 5 needles of sleeping
 j - 69 arrows
 l - 19 sling bullets
 o - 5 javelins (quivered)
 q - 12 bolts
 r - 169 stones
 s - 33 poisoned needles
 v - 5 needles of confusion
Magical Staves
 H - an uncursed staff of power {unknown}
Jewellery
 e - a +3 ring of protection (left tentacle)
 x - an uncursed amulet of harm {unknown}
Wands
 i - a wand of paralysis (15)
 t - a wand of acid (7)
 C - a wand of flame (11)
 D - a wand of random effects (31)
Scrolls
 u - 5 scrolls of teleportation
 y - a scroll of fog
 I - a scroll of identify
Potions
 m - a potion of curing
 p - a potion of flight {unknown}
 w - 2 potions of agility {unknown}
 z - 2 potions of berserk rage
 A - 2 potions of might {unknown}
Books
 n - a book of Changes

   Spells                             Type                      Level
   a - Beastly Appendage              Transmutation                1
   b - Sticks to Snakes               Transmutation                2
   c - Spider Form                    Transmutation/Poison         3
   d - Ice Form                       Ice/Transmutation            4
   e - Blade Hands                    Transmutation                5
 B - a book of Maledictions

   Spells                             Type                      Level
   a - Corona                         Hexes                        1
   b - Ensorcelled Hibernation        Hexes/Ice                    2
   c - Confuse                        Hexes                        3
   d - Tukima's Dance                 Hexes                        3
   e - Dazzling Spray                 Conjuration/Hexes            3
Comestibles
 c - 9 rations


   Skills:
 + Level 3.6 Fighting
 - Level 3.3 Short Blades
 + Level 1.3 Maces & Flails
 * Level 2.8(3.6) Slings
 + Level 3.4(3.9) Throwing
 + Level 4.0 Dodging
 + Level 4.9 Stealth
 + Level 4.6 Unarmed Combat
 + Level 3.7 Spellcasting
 + Level 4.0 Transmutations


You had 13 spell levels left.
You knew the following spells:

 Your Spells              Type           Power        Failure   Level  Hunger
a - Beastly Appendage     Tmut           ###...       3%          1    None


Dungeon Overview and Level Annotations

Branches:
Dungeon (6/15)
 Temple: D:4-7

Altars:
Dithmenos
Makhleb
Qazlal
Trog
Wu Jian
Zin

Shops:
D:4 ?


Innate Abilities, Weirdness & Mutations

You cannot wear most types of armour.
You are very stealthy in the water. (Stealth+)
You are amphibious.
You can wear up to eight rings at the same time.
You can use your tentacles to constrict eight enemies at once.
Your skin changes colour to match your surroundings (Stealth+).
Your rubbery body absorbs attacks. (AC +1, EV +1)
You possess an exceptional clarity of mind.
Your flesh is cold resistant. (rC+)
Your body sometimes deteriorates upon taking damage.
You are frail. (-10% HP)


Message History

You shoot a sling bullet.
The sling bullet closely misses the orc warrior.
The orc warrior barely misses you. The orc closely misses you.
Your +5 hunting sling of flaming stops flaming.
The +7 whip of Cecuduedd {freeze, rPois rC+ Stlth+} glows with a cold blue light!
a - the +7 whip of Cecuduedd (weapon)
{freeze, rPois rC+ Stlth+} A gnoll sergeant comes into view.
It is wielding a trident.
The gnoll sergeant shouts!
You hit the orc warrior. You freeze the orc warrior. You grab the orc warrior.
The orc warrior is heavily wounded.
You constrict the orc warrior, but do no damage.
The orc warrior hits you with a great sword!!
The orc hits you with a club.
The gnoll sergeant moves out of view.
You hit the orc warrior. You freeze the orc warrior.
The orc warrior is severely wounded.
You constrict the orc warrior, but do no damage.
The orc warrior hits you with a great sword!!
* * * LOW HITPOINT WARNING * * *
The orc hits you with a club.
You die...

#>..................
#.............##....
#......#......<#....
#.....##.....###....
#....###.....# #....
##............#
#....
#.....###.....#
###.. #.###'## ...#
### #..(@..#
#...oo.# #!..(.....
#...(..#### +..((((.
. #..(..(## .
#.(..... . ###.((..s
. .


You could see an orc warrior, an orc and a giant cockroach (wandering).

Vanquished Creatures
  Menkaure (D:4)
  An ice beast (D:5)
  2 phantoms
  The ghost of aciddrop the Chopper, an amateur DsBe of Trog (D:3)
  3 ogres (D:5)
  A scorpion (D:5)
  2 howler monkeys
  A crimson imp (D:6)
  4 hounds
  An orc priest (D:3)
  A bullfrog skeleton (D:4)
  An iguana (D:4)
  5 orc wizards
  4 worker ants
  3 gnolls (D:6)
  6 adders
  A shadow imp (D:6)
  2 oozes
  3 worms
  3 dart slugs (D:1)
  5 leopard geckos
  21 orcs
  2 ball pythons
  6 bats
  4 giant cockroaches
  5 goblins
  11 hobgoblins
  13 jackals
  2 quokkas
  6 frilled lizards
  A jackal zombie (D:5)
  13 kobolds
  4 rats
139 creatures vanquished.

Notes
Turn   | Place    | Note
-------+----------+-------------------------------------------
     0 | D:1      | suicidejoker the Octopode Transmuter began the quest for the Orb.
     0 | D:1      | Reached XP level 1. HP: 13/13 MP: 3/3
    39 | D:1      | Reached XP level 2. HP: 9/18 MP: 5/5
   185 | D:1      | Reached skill level 1 in Stealth
   720 | D:1      | Reached XP level 3. HP: 21/23 MP: 6/6
   828 | D:1      | You fall through a shaft!
   850 | D:2      | Reached skill level 1 in Throwing
  1459 | D:2      | Reached XP level 4. HP: 17/29 MP: 7/7
  2021 | D:3      | Reached XP level 5. HP: 32/34 MP: 8/8
  2058 | D:3      | Noticed aciddrop's ghost (amateur DsBe)
  2078 | D:3      | Killed aciddrop's ghost
  2078 | D:3      | Reached skill level 1 in Short Blades
  2088 | D:3      | Reached XP level 6. HP: 22/39 MP: 8/10
  2324 | D:3      | HP: 1/39 [jackal (2)]
  2328 | D:3      | Gained mutation: You are frail. (-10% HP) [potion of mutation]
  2328 | D:3      | Gained mutation: Your body sometimes deteriorates upon taking damage. [potion of mutation]
  2328 | D:3      | Gained mutation: Your flesh is cold resistant. (rC+) [potion of mutation]
  2328 | D:3      | Gained mutation: You possess an exceptional clarity of mind. [potion of mutation]
  2695 | D:3      | Found a bloodstained altar of Trog.
  3145 | D:4      | Found a burning altar of Makhleb.
  3314 | D:4      | Found a glowing silver altar of Zin.
  3328 | D:4      | Noticed an Executioner
  3330 | D:4      | Noticed an angel
  3741 | D:4      | Reached XP level 7. HP: 38/40 MP: 11/11
  3976 | D:4      | Noticed Menkaure
  4018 | D:4      | Killed Menkaure
  4303 | D:4      | Found Kuofanicau's Magic Scroll Shoppe.
  4333 | D:4      | Bought a scroll of enchant weapon for 97 gold pieces
  4333 | D:4      | Bought 2 scrolls of enchant weapon for 195 gold pieces
  4702 | D:5      | Entered Level 5 of the Dungeon
  4710 | D:5      | Found a shadowy altar of Dithmenos.
  5108 | D:5      | Reached skill level 1 in Slings
  5115 | D:5      | Reached XP level 8. HP: 40/46 MP: 12/12
  5208 | D:5      | Identified the +7 whip of Cecuduedd {freeze, rPois rC+ Stlth+} (You found it on level 5 of the Dungeon)
  5229 | D:5      | Found a stormy altar of Qazlal.
  5629 | D:6      | Reached skill level 1 in Maces & Flails
  5770 | D:6      | Found an ornate altar of the Wu Jian Council.
  6145 | D:6      | HP: 2/47 [orc warrior/great sword (22)]
  6145 | D:6      | Slain by an orc

Skill      XL: |  1  2  3  4  5  6  7  8 |
---------------+-------------------------+-----
Stealth        | 1 2 3 4 |  4.9
Throwing       | 1 2 3 |  3.4
Fighting       | 2 3 |  3.6
Short Blades   | 1 2 3 |  3.3
Dodging        | 3 4 |  4.0
Transmutations | 3 4 |  4.0
Spellcasting   | 3 |  3.7
Unarmed Combat | 4 |  4.6
Slings         | 1 2 |  2.8
Maces & Flails | 1 |  1.3

Action                   |  1- 3 |  4- 6 |  7- 9 || total
-------------------------+-------+-------+-------++-------
Melee: Unarmed           |    26 |       |       ||    26
       Constrict         |    23 |    19 |     4 ||    46
       Tentacles         |    17 |    14 |     4 ||    35
       Punch             |     2 |       |       ||     2
       Dagger            |    59 |    85 |    17 ||   161
       Whip              |       |       |     4 ||     4
 Fire: Hunting sling     |       |    73 |   158 ||   231
Throw: Javelin           |       |     1 |       ||     1
  Use: Potion            |       |     9 |     4 ||    13
       Scroll            |       |     5 |     5 ||    10
 Stab: Sleeping          |     9 |     2 |       ||    11
  Eat: Chunk             |     1 |     7 |     7 ||    15
Armor: Skin              |     8 |     5 |     4 ||    17
Dodge: Dodged            |    42 |   105 |    33 ||   180
